 Dungeon Crawl Stone Soup version 0.28-a0-1347-g113dc556a4 (webtiles) character file.

Game seed: 15371485018846969885

29 sanka the Vexing (level 3, 24/24 HPs)
             Began as a Demonspawn Enchanter on Dec 29, 2021.
             Quit the game on level 2 of the Dungeon.
             The game lasted 00:01:12 (1411 turns).

sanka the Vexing (Demonspawn Enchanter)             Turns: 1411, Time: 00:01:12

Health: 24/24      AC:  2    Str:  8    XL:     3   Next: 1%
Magic:  6/6        EV: 12    Int: 18    God:
Gold:   11         SH:  0    Dex: 13    Spells: 6/6 levels left

rFire   . . .      SeeInvis .   a - +1 dagger
rCold   . . .      Faith    +   (no shield)
rNeg    . . .      Spirit   .   b - +0 robe
rPois   .          Reflect  .   (helmet restricted)
rElec   .          Harm     .   (no cloak)
rCorr   .          Rampage  .   (no gloves)
Will    .....                   (no boots)
Stlth   ++........              e - amulet of faith
HPRegen 0.08/turn               (no ring)
MPRegen 0.10/turn               (no ring)

@: no status effects
A: horns 1, spiny 1
a: no special abilities


You were on level 2 of the Dungeon.
You visited 1 branch of the dungeon, and saw 2 of its levels.

You collected 11 gold pieces.


Innate Abilities, Weirdness & Mutations

You have a pair of small horns on your head.
You are partially covered in sharp spines.


   Skills:
 + Level 2.7 Short Blades
 - Level 1.7 Dodging
 - Level 2.6 Stealth
 - Level 2.0 Spellcasting
 - Level 3.0 Hexes


You had 6 spell levels left.
You didn't know any spells.
Your spell library contained the following spells:

 Spells                   Type           Power      Damage    Failure   Level
 Ensorcelled Hibernation  Hex/Ice        14%        N/A       14%         2
 Confusing Touch          Hex            12%        N/A       16%         3
 Tukima's Dance           Hex            12%        N/A       16%         3
 Dazzling Flash           Conj/Hex       14%        N/A       28%         3

Inventory:

Hand Weapons
 a - a +1 dagger (weapon)
Armour
 b - a +0 robe (worn)
Jewellery
 e - an amulet of faith (around neck)
Scrolls
 d - 3 scrolls of identify {unknown}
 f - a scroll of torment {unknown}
 g - a scroll of blinking {unknown}
Potions
 c - a potion of invisibility
 h - a potion of curing {unknown}

Dungeon Overview and Level Annotations

Branches:
Dungeon (2/15)

Altars:

▒▒▒ ▒▒ ▒.. . ▒.▒ .▒
▒.▒▒.▒▒▒ ▒▒......
▒▒...▒.▒▒
▒▒....£..▒▒.▒
▒▒....6).....▒
▒▒▒▒▒▒▒.....<...▒▒▒▒
▒▒▒▒...............▒
▒........▒>........▒
▒.▒▒.▒▒▒.▒▒.......▒▒
▒.▒ ▒.▒▒▒......▒
▒.▒▒▒.▒ ▒▒......▒
▒.....▒▒▒▒▒▒.....
▒▒▒▒.....▒ ....


There were no monsters in sight!


Message History

Found a stone staircase leading up.
Found a stone staircase leading down.
Found 5 gold pieces.
A kobold comes into view. It is wielding a +0 short sword.
A kobold is nearby!
A kobold is nearby!
A kobold is nearby!
The kobold shouts!
The kobold throws a stone.
The stone barely misses you.
The kobold hits you with a +0 short sword.
You closely miss the kobold.
The kobold hits you with a +0 short sword.
You closely miss the kobold.
The kobold hits you with a +0 short sword.
You hit the kobold.
The kobold is heavily wounded.
The kobold closely misses you.
You hit the kobold.
You kill the kobold!
You have reached level 3!
Your experience leads to an increase in your attributes!
Increase (s)trength, (i)ntelligence, or (d)exterity?
You feel clever.
You feel clever.
Your demonic ancestry asserts itself...
A pair of horns grows on your head!
You start resting.
HP restored.
Are you sure you want to abandon this character and quit the game? (Confirm with "yes".)

Action                   || total
-------------------------++-------
Melee: Dagger            ||    49
 Stab: Sleeping          ||     9
       Distracted        ||     1
Armor: Robe              ||     5
Dodge: Dodged            ||    23

Levels and vault maps discovered:
D:1:      matt_arrival_diagonals, layout_loops_ring
D:2:      layout_loops_corners, basic_altar, minmay_tetromino_l2, uniq_terence

Notes
Turn   | Place    | Note
-------+----------+-------------------------------------------
     0 | D:1      | sanka the Demonspawn Enchanter began the quest for the Orb.
     0 | D:1      | Reached XP level 1. HP: 13/13 MP: 3/3
    47 | D:1      | Reached skill level 1 in Short Blades
   427 | D:1      | Gained mutation: You are partially covered in sharp spines.
                  | [demonic ancestry]
   427 | D:1      | Reached XP level 2. HP: 11/19 MP: 5/5
   573 | D:1      | Reached skill level 2 in Short Blades
  1284 | D:2      | Gained mutation: You have a pair of small horns on your
                  | head. [demonic ancestry]
  1284 | D:2      | Reached XP level 3. HP: 13/24 MP: 6/6
  1411 | D:2      | Quit the game

Vanquished Creatures
  2 dart slugs (D:1)
  3 ball pythons (D:1)
  3 endoplasms (D:1)
  2 giant cockroaches (D:1)
  2 goblins (D:1)
  2 hobgoblins (D:1)
  A quokka (D:1)
  2 bats (D:1)
  2 frilled lizards (D:1)
  4 kobolds
23 creatures vanquished.
